 Dungeon Sprint DCSS version 0.18.1-8-gdd0e5ea (webtiles) character file.

14036 Hipnos the Imperceptible (level 11, -41/58 HPs)
             Began as a Spriggan Enchanter on May 21, 2016.
             Was the Champion of Sif Muna.
             Killed from afar by a fire giant (67 damage)
             ... with a fireball
             ... in the Dungeon (Sprint I: "Red Sonja").
             The game lasted 00:16:52 (2064 turns).

Hipnos the Imperceptible (Spriggan Enchanter)       Turns: 2064, Time: 00:16:52

Health: -41/58     AC:  3    Str:  6    XL:     11   Next: 83%
Magic:  0/32       EV: 30    Int: 20    God:    Sif Muna [******]
Gold:   1680       SH:  0    Dex: 17    Spells: 5 memorised, 28 levels left

rFire  . . .     SeeInvis +     a - +1 dagger
rCold  + + .     Gourm    .     b - +1 robe
rNeg   . . .     Faith    .     (shield restricted)
rPois  .         Spirit   +     (helmet restricted)
rElec  .         Dismiss  .     (no cloak)
rCorr  .         Reflect  .     (gloves unavailable)
SustAt +         Harm     .     (boots unavailable)
MR     +....     NoTele   +     l - amulet of guardian spirit
Stlth  +++++++++.               u - ring of sustain attributes
                                s - ring of the Leaf {rC+ EV+1 Str+2}

@: very quick, somewhat resistant to hostile enchantments, incredibly stealthy
A: unfitting armour, see invisible, cold resistance 1, herbivore 3, speed 3,
slow metabolism 2
a: Channel Energy, Forget Spell, Renounce Religion


You were in the Dungeon.
You worshipped Sif Muna.
Sif Muna was exalted by your worship.
You were not hungry.

You visited 1 branch You collected 2389 gold pieces.
You spent 709 gold pieces at shops.

Inventory:

Hand Weapons
 a - a +1 dagger (weapon)
 r - a +2 mace of draining
Armour
 b - a +1 robe (worn)
Jewellery
 l - an amulet of guardian spirit (around neck)
 s - the ring of the Leaf (left hand) {rC+ EV+1 Str+2}
   (You bought it in a shop in the Dungeon)

   [ring of evasion]

   It affects your evasion (+1).
   It affects your strength (+2).
   It protects you from cold.
 u - a ring of sustain attributes (right hand)
Wands
 m - a wand of iceblast (7/15)
Scrolls
 j - a scroll of blinking
 n - a scroll of identify {unknown}
 p - a scroll of enchant weapon {unknown}
Potions
 e - 2 potions of curing
 g - a potion of haste
 h - 2 potions of magic
 i - a potion of berserk rage
 k - a potion of lignification {unknown}
 q - a potion of brilliance {unknown}
Books
 c - a book of Maledictions

   Spells                             Type                      Level
   a - Corona                         Hexes                        1
   b - Ensorcelled Hibernation        Hexes/Ice                    2
   c - Confuse                        Hexes                        3
   d - Tukima's Dance                 Hexes                        3
   e - Dazzling Spray                 Conjuration/Hexes            3
 o - Sif Muna's Incunabulum of the Hawk
   (Sif Muna gifted it to you in the Dungeon)

   Spells                             Type                      Level
   a - Shock                          Conjuration/Air              1
   b - Sublimation of Blood           Necromancy                   2
   c - Iskenderun's Mystic Blast      Conjuration                  4
   d - Bolt of Magma                  Conjuration/Fire/Earth       5
   e - Cigotuvi's Embrace             Necromancy                   5
   f - Poisonous Cloud                Conjuration/Poison/Air       6
   g - Glaciate                       Conjuration/Ice              9
 t - Sif Muna's Grimoire of Summoning and Attacks
   (Sif Muna gifted it to you in the Dungeon)

   Spells                             Type                      Level
   a - Dazzling Spray                 Conjuration/Hexes            3
   b - Venom Bolt                     Conjuration/Poison           5
   c - Iskenderun's Battlesphere      Conjuration/Charms           5
   d - Summon Mana Viper              Hexes/Summoning              5
   e - Bolt of Cold                   Conjuration/Ice              6
 v - Sif Muna's Grimoire of Ashen Dark Arts
   (Sif Muna gifted it to you in the Dungeon)

   Spells                             Type                      Level
   a - Leda's Liquefaction            Hexes/Earth                  4
   b - Animate Dead                   Necromancy                   4
   c - Haunt                          Necromancy/Summoning         7
   d - Necromutation                  Transmutation/Necromancy     8
Comestibles
 d - 2 bread rations


   Skills:
 * Level 6.6 Fighting
 - Level 1.1 Short Blades
 * Level 13.6 Dodging
 + Level 23.7 Stealth
 * Level 16.0 Spellcasting
 * Level 17.9 Hexes
 * Level 4.1 Summonings
 - Level 0.1 Ice Magic


You had 28 spell levels left.
You knew the following spells:

 Your Spells              Type           Power        Failure   Level  Hunger
a - Corona                Hex            ######.      0%          1    None
b - Ensorcelled Hibernat  Hex/Ice        ######       1%          2    None
c - Confuse               Hex            ######..     0%          3    None
d - Dazzling Spray        Conj/Hex       ######..     1%          3    None
e - Summon Mana Viper     Hex/Summ       ######..     1%          5    ###....


Dungeon Overview and Level Annotations

Branches:
Dungeon (1/1)

Altars:
Cheibriados
Dithmenos
Elyvilon
Fedhas
Gozag
Kikubaaqudgha
Makhleb
Nemelex Xobeh
Okawaru
Pakellas
Qazlal
Ru
Sif Muna
Trog
Vehumet
Xom
Yredelemnul
Zin
The Shining One
Jiyva

Shops:
D !*(=*%*![}*%!**[!

Annotations:
D Norris


Innate Abilities, Weirdness & Mutations

You are tiny and cannot use many weapons and most armour.
You have supernaturally acute eyesight.
You are a herbivore.
You cover ground extremely quickly.
You need consume almost no food.
Your flesh is cold resistant.


Message History

The fire giant easily resists.
Casting: Confuse
Confirm with . or Enter, or press ? or * to list all spells.
Okay, then.
Casting: Confuse
Confirm with . or Enter, or press ? or * to list all spells.
Aiming: Confuse
Press: ? - help, Shift-Dir - straight line, f/p - fire giant
Aim: a fire giant, wielding a great sword of flaming (purple smoke, chance to defeat MR: 31%)
The fire giant easily resists.
The fire giant points at you and mumbles some strange words.
The fireball explodes!
The fireball engulfs you!
Ouch! That really hurt!
* * * LOW HITPOINT WARNING * * *
Drink which item? (? for menu, Esc to quit)
You feel much better.
The fire giant points at you and mumbles some strange words.
The fireball explodes!
The fireball engulfs you!
Ouch! That really hurt!
You die...

#################################
..#__#..'..)#..#.C§§§§§..§.'÷.#.^
..'..'..#...##§#§####..§§§##..'^.
#§#__####)..'§§#@#.###.§.#######+
#.####§§#####§§§§#'#$###+# ([##
#(#≈≈§§§#.§##+####^.$#@#.##$$$#
..§≈§§§.'§§#.^§§§#..$###..###$#
._#≈§§.§#..#..§§§+..$$$##.#A#$#
#'##§#####§###§.§#^....#..###$#
#.#.§§%###.'§#§§.###''##.##..$#
####'###.###§#§§###..###..#+###
.'.....'(∩##§#.^####..###...#


You could see a fire giant.

Vanquished Creatures
  A lorocyproca (D)
  A hydra (D)
  2 centaur warriors (D)
  Sonja (D)
  7 unseen horrors (D)
  A deep troll (D)
  A lindwurm (D)
  An oklob plant (D)
  2 kobold demonologists (D)
  2 demonic crawlers (D)
  A slime creature (D)
  2 redbacks (D)
  Sigmund (D)
  A yak (D)
  13 hogs (D)
  3 giant eyeballs (D)
  A wasp (D)
  An ogre (D)
  7 necrophages (D)
  8 jellies (D)
  Ijyb (D)
58 creatures vanquished.

Vanquished Creatures (collateral kills)
  A gargoyle (D)
1 creature vanquished.

Vanquished Creatures (others)
  A fire giant (D)
  A gargoyle (D)
2 creatures vanquished.

Grand Total: 61 creatures vanquished

Notes
Turn   | Place    | Note
--------------------------------------------------------------
     0 | D        | Hipnos the Spriggan Enchanter began the quest for the Orb.
     0 | D        | Reached XP level 1. HP: 9/9 MP: 5/5
     1 | D        | Noticed Ijyb
     9 | D        | Killed Ijyb
     9 | D        | Reached skill level 6 in Stealth
     9 | D        | Reached skill level 5 in Hexes
     9 | D        | Reached XP level 2. HP: 7/13 MP: 5/7
    13 | D        | Learned a level 2 spell: Ensorcelled Hibernation
   148 | D        | Noticed an ogre
   151 | D        | Killed an ogre
   151 | D        | Reached skill level 9 in Stealth
   151 | D        | Reached XP level 3. HP: 16/16 MP: 8/10
   151 | D        | Reached XP level 4. HP: 21/21 MP: 8/11
   157 | D        | Learned a level 3 spell: Confuse
   161 | D        | Learned a level 3 spell: Dazzling Spray
   170 | D        | Noticed Sigmund
   174 | D        | Killed Sigmund
   174 | D        | Reached skill level 5 in Dodging
   174 | D        | Reached skill level 11 in Stealth
   174 | D        | Reached skill level 10 in Hexes
   174 | D        | Reached XP level 5. HP: 24/24 MP: 6/14
   174 | D        | Reached XP level 6. HP: 28/28 MP: 6/16
   187 | D        | Found a deep blue altar of Sif Muna.
   189 | D        | Found a radiant altar of Vehumet.
   193 | D        | Became a worshipper of Sif Muna the Loreminder
   196 | D        | Reached skill level 12 in Stealth
   229 | D        | Found Qoromiod's Assorted Antiques.
   229 | D        | Found a white marble altar of Elyvilon.
   229 | D        | Found a stormy altar of Qazlal.
   229 | D        | Found a burning altar of Makhleb.
   229 | D        | Found a sacrificial altar of Ru.
   229 | D        | Found an oddly glowing altar of Pakellas.
   229 | D        | Found a basalt altar of Yredelemnul.
   229 | D        | Found a glowing golden altar of the Shining One.
   229 | D        | Found a sparkling altar of Nemelex Xobeh.
   229 | D        | Found a shimmering altar of Xom.
   229 | D        | Found an opulent altar of Gozag.
   229 | D        | Found an ancient bone altar of Kikubaaqudgha.
   229 | D        | Found a glowing silver altar of Zin.
   229 | D        | Noticed a yak
   230 | D        | Found an iron altar of Okawaru.
   238 | D        | Killed a yak
   238 | D        | Reached * piety under Sif Muna
   238 | D        | Reached skill level 13 in Stealth
   240 | D        | Found a bloodstained altar of Trog.
   325 | D        | Found a snail-covered altar of Cheibriados.
   325 | D        | Found a viscous altar of Jiyva.
   325 | D        | Found a shadowy altar of Dithmenos.
   325 | D        | Found a blossoming altar of Fedhas.
   325 | D        | Noticed a slime creature
   331 | D        | Killed a slime creature
   331 | D        | Reached ** piety under Sif Muna
   331 | D        | Reached skill level 14 in Stealth
   331 | D        | Reached XP level 7. HP: 23/32 MP: 13/19
   439 | D        | Noticed Sonja
   454 | D        | Killed Sonja
   454 | D        | Reached *** piety under Sif Muna
   454 | D        | Reached skill level 1 in Fighting
   454 | D        | Reached skill level 16 in Stealth
   454 | D        | Reached skill level 10 in Spellcasting
   454 | D        | Reached XP level 8. HP: 26/37 MP: 15/23
   505 | D        | Noticed a deep troll
   509 | D        | Killed a deep troll
   509 | D        | Reached skill level 17 in Stealth
   519 | D        | Found Louteaf's Armour Emporium.
   560 | D        | Found Ynteusch's Distillery.
   586 | D        | Noticed a centaur warrior
   587 | D        | Noticed a centaur warrior
   589 | D        | Killed a centaur warrior
   589 | D        | Reached **** piety under Sif Muna
   589 | D        | Reached skill level 18 in Stealth
   589 | D        | Reached XP level 9. HP: 42/42 MP: 23/25
   591 | D        | Killed a centaur warrior
   591 | D        | Reached ***** piety under Sif Muna
   591 | D        | Reached skill level 19 in Stealth
   614 | D        | Noticed an oklob plant
   616 | D        | Killed an oklob plant
   616 | D        | Reached skill level 20 in Stealth
   650 | D        | Reached skill level 15 in Hexes
   658 | D        | Noticed an unseen horror
   658 | D        | Noticed an unseen horror
   662 | D        | Killed an unseen horror
   662 | D        | Reached ****** piety under Sif Muna
   662 | D        | Reached skill level 10 in Dodging
   662 | D        | Reached XP level 10. HP: 49/49 MP: 24/28
   665 | D        | Killed an unseen horror
   665 | D        | Received a gift from Sif Muna
   665 | D        | Reached skill level 21 in Stealth
   666 | D        | Identified Sif Muna's Incunabulum of the Hawk (Sif Muna gifted it to you in the Dungeon)
  1002 | D        | Found Simuavec's Jewellery Shoppe.
  1002 | D        | Found Sucrapta's Weapon Shop.
  1002 | D        | Found Jomaet's Assorted Antiques.
  1004 | D        | Found Vugoko Ludgh's Food Emporium.
  1004 | D        | Found Uzemninero's Assorted Antiques.
  1004 | D        | Found Lueqeuxt's Distillery.
  1004 | D        | Found Ycsozu's Armour Boutique.
  1004 | D        | Found Owownirap's Gadget Emporium.
  1004 | D        | Found Deosagg's General Store.
  1004 | D        | Found Ubristeump's Food Shoppe.
  1008 | D        | Found Rebu Qim's Distillery.
  1009 | D        | Found Saekhlyobb's General Store.
  1009 | D        | Found Coycisol's Assorted Antiques.
  1010 | D        | Found Peeq's Distillery.
  1031 | D        | Bought a potion of beneficial mutation for 455 gold pieces
  1031 | D        | Gained mutation: Your flesh is cold resistant. [potion of beneficial mutation]
  1041 | D        | Bought the ring of the Leaf {rC+ EV+1 Str+2} for 254 gold pieces
  1167 | D        | Killed a gargoyle
  1313 | D        | Noticed a lindwurm
  1315 | D        | Killed a lindwurm
  1330 | D        | Received a gift from Sif Muna
  1330 | D        | Reached skill level 22 in Stealth
  1331 | D        | Identified Sif Muna's Grimoire of Summoning and Attacks (Sif Muna gifted it to you in the Dungeon)
  1345 | D        | Learned a level 5 spell: Summon Mana Viper
  1351 | D        | Reached skill level 5 in Fighting
  1356 | D        | Reached XP level 11. HP: 53/53 MP: 23/30
  1358 | D        | Reached skill level 1 in Summonings
  1490 | D        | Noticed a 12-headed hydra
  1492 | D        | Killed a 12-headed hydra
  1492 | D        | Reached skill level 15 in Spellcasting
  1634 | D        | Noticed Norris
  1635 | D        | Noticed a lorocyproca
  1640 | D        | Killed a lorocyproca
  1935 | D        | Noticed a daeva
  1938 | D        | Noticed an unseen horror
  1938 | D        | Noticed an unseen horror
  1938 | D        | Noticed an unseen horror
  1939 | D        | Noticed an unseen horror
  1941 | D        | Killed an unseen horror
  1941 | D        | Reached skill level 23 in Stealth
  1942 | D        | Noticed an unseen horror
  1943 | D        | Killed an unseen horror
  1943 | D        | Received a gift from Sif Muna
  1944 | D        | Killed an unseen horror
  1947 | D        | Killed an unseen horror
  1949 | D        | Killed an unseen horror
  1952 | D        | Identified Sif Muna's Grimoire of Ashen Dark Arts (Sif Muna gifted it to you in the Dungeon)
  1972 | D        | Noticed a fire giant
  1974 | D        | Noticed a fire giant
  1975 | D        | Noticed a fire giant
  1978 | D        | Noticed a fire giant
  1985 | D        | Killed a fire giant
  2064 | D        | Killed from afar by a fire giant

Skill      XL: |  1  2  3  4  5  6  7  8  9 10 11 |
---------------+----------------------------------+-----
Stealth        | 6 9 11 14 16 18 20 22 23 | 23.7
Spellcasting   | 3 4 6 8 10 11 13 14 16 | 16.0
Hexes          | 5 8 10 11 12 14 15 16 17 | 17.9
Dodging        | 4 5 7 8 10 12 13 | 13.6
Fighting       | 1 3 5 6 |  6.6
Summonings     | 4 |  4.1
Short Blades   | |  1.1
Ice Magic      | |  0.1

Action                   |  1- 3 |  4- 6 |  7- 9 | 10-12 || total
-------------------------+-------+-------+-------+-------++-------
Melee: Dagger            |     7 |     6 |    16 |    66 ||    95
 Cast: Ensorcelled Hiber |       |     8 |     5 |    18 ||    31
       Confuse           |       |       |     1 |    22 ||    23
       Summon Mana Viper |       |       |       |     6 ||     6
       Dazzling Spray    |       |       |       |     4 ||     4
  Use: Potion            |       |       |       |     2 ||     2
 Stab: Sleeping          |     2 |     5 |     9 |    33 ||    49
       Confused          |       |       |     2 |    10 ||    12
       Invisible         |       |       |       |     1 ||     1
Armor: Robe              |       |       |       |     1 ||     1
Dodge: Dodged            |     4 |     8 |     6 |    89 ||   107
